Match 46069182
Unlisted

Match 46069182
End
Panzergrenadier Squad
250 Light Carrier
Panzergrenadier Squad
Construct Light Support Kompanie
Panzerjäger Squad
2.5-tonne Medical Truck
Fire Support Elements
Assault Mechanized Group
Selects Armored Support Battlegroup
Selects Salvage Kits
Veteran Squad Leaders
Construct Panzerarmee Kommand
Panzerjäger Squad
Pak 38 Mechanized Group
Armored Reserves
Walking Stuka Rocket Launcher
Selects Panzer Storm
Selects Stuka Anti-tank Loiter
Panzer IV Assault Group
Tungsten Core Ammunition
Advanced Field Repairs
Selects Veteran Gunners
Selects Flammpanzer III Medium Tank
Jamoro
Hasko
kuenhei126
Narobit
Kampfstärke
JESTER 689
Papa Smurf
Alekel
0
0

Comments sign in to comment!

No comments posted yet!